 Dungeon Crawl Stone Soup version 0.16-a0-1243-g6e0463c (webtiles) character file.

19 Molien the Magician (level 2, 0/19 HPs)
             Began as a Demonspawn Wizard on Oct 13, 2014.
             Succumbed to an adder's poison
             ... on level 2 of the Dungeon.
             The game lasted 00:19:04 (897 turns).

Molien the Magician (Demonspawn Wizard)              Turns: 897, Time: 00:19:05

Health: 0/19       AC:  3    Str:  7    XL:     2   Next: 55%
Magic:  0/6        EV: 10    Int: 19    God:
Gold:   64         SH:  0    Dex: 11    Spells: 1 memorised, 7 levels left

rFire  x . .     SeeInvis .     B - +0 dagger
rCold  + . .     Clarity  .     w - +0 leather armour (curse)
rNeg   . . .     SustAb   .     (no shield)
rPois  .         Gourm    .     b - +0 hat
rElec  .         Spirit   .     (no cloak)
rCorr  +         Warding  .     (no gloves)
rMut   .         Stasis   .     (no boots)
MR     .....                    u - amulet of resist corrosion
Stlth  ++........               (no ring)
                                p - ring of ice

@: lethally poisoned, flying, not resistant to hostile enchantments, unstealthy
A: claws 1
a: no special abilities


You were on level 2 of the Dungeon.
You were not hungry.

You visited 1 branch of the dungeon, and saw 2 of its levels.

You collected 64 gold pieces.

Inventory:

Hand weapons
 v - a +0 club
 z - a +0 club
 A - a +0 spear
 B - a +0 dagger (weapon)
Missiles
 f - 59 bolts
 g - 42 stones (quivered)
 o - 34 sling bullets
 C - 20 arrows
Armour
 a - a +0 robe
 b - a +0 hat (worn)
 h - a +0 robe
 k - a +0 leather armour
 m - a +0 ring mail
 q - a +0 scale mail
 t - a +0 robe
 w - a cursed +0 leather armour (worn)
Jewellery
 p - a ring of ice (left claw)
 u - an amulet of resist corrosion (around neck)
Scrolls
 i - 2 scrolls of blinking {unknown}
 j - 2 scrolls of magic mapping {unknown}
 n - 2 scrolls of remove curse {unknown}
 y - a scroll of enchant weapon {unknown}
Potions
 e - a potion of magic {unknown}
 s - a potion of curing {unknown}
Books
 c - a book of Minor Magic

   Spells                             Type                      Level
   *Magic Dart                        Conjuration                  1
   Blink                              Translocation                2
   Call Imp                           Summoning                    2
   Repel Missiles                     Charms/Air                   2
   Slow                               Hexes                        2
   Conjure Flame                      Conjuration/Fire             3
   Mephitic Cloud                     Conjuration/Poison/Air       3
Comestibles
 d - a bread ration
 l - 3 fruits
 x - a meat ration


   Skills:
 * Level 1.9 Dodging
 + Level 1.9 Stealth
 * Level 3.5 Spellcasting
 * Level 1.1 Conjurations
   Level 1.0 Summonings
   Level 0.8 Translocations


You had 7 spell levels left.
You knew the following spells:

 Your Spells              Type           Power        Failure   Level  Hunger
a - Magic Dart            Conj           #...         10%         1    None


Dungeon Overview and Level Annotations

Branches:
Dungeon (2/15)

Altars:


Innate Abilities, Weirdness & Mutations

You have sharp fingernails.


Message History

You hit the adder.
The adder is severely wounded.
The adder barely misses you. x2
You closely miss the adder.
The adder is severely wounded.
The adder closely misses you.
Casting: Magic Dart
Confirm with . or Enter, or press ? or * to list all spells.
Aiming: Magic Dart
Press: ? - help, Shift-Dir - straight line, f/p - adder
Aim: an adder (severely wounded)
The magic dart hits the adder.
The adder is severely wounded.
The adder bites you.
* * * LOW HITPOINT WARNING * * *
You are more poisoned.
The adder poisons you!
You feel very buoyant.
You fly up into the air.
It was a potion of flight.
You die...

#...####...# #
##### #...# #.
#...# #.##########
#...# #..........#
#...#
.......#.####...###
#.##..............
#S......%.........
#@.#..............
#.......####...###
.......### #...#
####.#### #...# #.#
#...# #.# #.... #.#
#....# ..# ..... #


You could see an adder.

Vanquished Creatures
  An adder (D:2)
  A giant gecko (D:1)
  A ball python (D:1)
  A hobgoblin (D:1)
  A giant cockroach (D:1)
  2 giant newts
  A goblin (D:1)
  2 kobolds (D:2)
  2 rats (D:1)
  A fungus (D:1)
13 creatures vanquished.

Notes
Turn   | Place    | Note
--------------------------------------------------------------
     0 | D:1      | Molien, the Demonspawn Wizard, began the quest for the Orb.
     0 | D:1      | Reached XP level 1. HP: 13/13 MP: 4/4
   673 | D:1      | Gained mutation: You have sharp fingernails. [demonic ancestry]
   673 | D:1      | Reached XP level 2. HP: 19/19 MP: 6/6
   897 | D:2      | Succumbed to an adder's poison

Action                   || total
-------------------------++-------
Melee: Unarmed           ||    42
       Club              ||     3
       Dagger            ||     8
 Cast: Magic Dart        ||    28
  Use: Potion            ||     1
